 Dungeon Crawl Stone Soup version 0.15.1-3-g1b33baa (webtiles) character file.

235 Johnny the Chiller (level 5, -3/41 HPs)
             Began as a Demigod Ice Elementalist on Oct 4, 2014.
             Slain by a gnoll (7 damage)
             ... on Level 4 of the Dungeon.
             The game lasted 00:06:21 (2808 turns).

Johnny the Chiller (Demigod Ice Elementalist)       Turns: 2808, Time: 00:06:22

HP  -3/41        AC  6     Str 11      XL: 5   Next: 47%
MP   7/12        EV  9     Int 21      God:
Gold 199         SH  0     Dex 17      Spells:  2 memorised,  4 levels left

rFire  . . .     SeeInvis .     o - +0 war axe
rCold  . . .     Clarity  .     t - +0 ring mail
rNeg   . . .     rCorr    .     (no shield)
rPois  .         rRot     .     (no helmet)
rElec  .         Spirit   .     (no cloak)
SustAb .         Warding  .     l - +0 pair of gloves
rMut   .         Stasis   .     (no boots)
Gourm  .                        (no amulet)
MR     .....                    (no ring)
                                (no ring)

@: very slightly contaminated, glowing, not resistant to hostile enchantments,
very unstealthy
A: no striking features
a: no special abilities


You were on level 4 of the Dungeon.
You were hungry.

You visited 1 branch of the dungeon, and saw 4 of its levels.

You collected 199 gold pieces.

Inventory:

Hand weapons
 d - a +0 dagger
 o - a +0 war axe (weapon)
 q - a +1 vampiric dagger
Armour
 a - a +0 robe
 l - a +0 pair of gloves (worn)
 t - a +0 ring mail (worn)
Magical devices
 e - a wand of frost (0)
 w - a wand of lightning (1)
Comestibles
 c - 4 bread rations
 h - 3 meat rations
 j - 4 fruits
Scrolls
 f - 5 scrolls of identify {unknown}
 i - 5 scrolls of remove curse
 m - a scroll of magic mapping {unknown}
 n - a scroll of teleportation {unknown}
 p - a scroll of immolation {unknown}
 r - a scroll of fog {unknown}
Potions
 g - a potion of poison {unknown}
 k - a potion of lignification {unknown}
 s - a potion of flight {unknown}
 u - a potion of might {unknown}
 v - a potion of cure mutation {unknown}
Books
 b - a book of Frost

   Spells                             Type                      Level
   *Freeze                            Ice                          1
   Throw Frost                        Conjuration/Ice              2
   Ozocubu's Armour                   Charms/Ice                   3
   Throw Icicle                       Conjuration/Ice              4
   *Summon Ice Beast                  Ice/Summoning                4
   Condensation Shield                Ice                          4


   Skills:
 * Level 2.2 Fighting
 + Level 1.5 Armour
 + Level 2.4 Dodging
 + Level 2.3 Stealth
 * Level 2.6 Spellcasting
   Level 0.8 Conjurations
 * Level 1.1 Summonings
 * Level 3.4 Ice Magic


You had 4 spell levels left.
You knew the following spells:

 Your Spells              Type           Power        Failure   Level  Hunger
a - Freeze                Ice            ###.         6%          1    None
b - Summon Ice Beast      Ice/Summ       ##......     88%         4    ####...


Dungeon Overview and Level Annotations

Branches:
Dungeon (4/15)
 Temple: D:4-7


Message History

Press: ? - help, Shift-Dir - straight line, f/p - gnoll shaman
Aim: a gnoll shaman, wielding a club and wearing a leather armour (severely wounded)
You miscast Freeze.
Frost covers your body.
The gnoll hits you from afar with a spear.
The gnoll shaman barely misses you.
The gnoll hits you from afar with a spear.
Casting: Freeze
Confirm with . or Enter, or press ? or * to list all spells.
Aiming: Freeze
Press: ? - help, Shift-Dir - straight line, f/p - gnoll shaman
Aim: a gnoll shaman, wielding a club and wearing a leather armour (severely wounded)
You freeze the gnoll shaman.
You kill the gnoll shaman!
Your Summonings skill increases to level 1!
The gnoll hits you from afar with a spear!
* * * LOW HITPOINT WARNING * * *
The gnoll hits you from afar with a spear.
* * * LOW HITPOINT WARNING * * *
The gnoll hits you!
You die...

#.#.#.#.# #.#.#.#.#.#
# # #.#.#r#.#.#.##
#.###.#.#.#.#..g.###
##...................
#..............h..###
#.####.gg#.#..##.##
#.).#.#..#.....
#@g.........###
##.........##
#.>..#.#..#
####.#.#..# #.#.#..#
#.#.# #.#.# ....#
....


You could see 3 gnolls and a rat.

Vanquished Creatures
  A hippogriff skeleton (D:4)
  A gnoll shaman (D:4)
  Ijyb (D:2)
  8 adders
  An inept feature mimic (D:3)
  3 worms
  2 giant geckos
  An ooze (D:3)
  An orc (D:3)
  A ball python (D:1)
  4 giant cockroaches
  2 hobgoblins (D:1)
  7 jackals
  2 bats
  3 giant newts
  9 goblins
  A hobgoblin skeleton (D:4)
  9 kobolds
  9 rats
66 creatures vanquished.

Notes
Turn   | Place    | Note
--------------------------------------------------------------
     0 | D:1      | Johnny, the Demigod Ice Elementalist, began the quest for the Orb.
     0 | D:1      | Reached XP level 1. HP: 14/14 MP: 3/3
   363 | D:1      | Reached skill level 1 in Fighting
   442 | D:1      | Reached XP level 2. HP: 21/23 MP: 2/4
   719 | D:1      | Reached skill level 1 in Armour
  1110 | D:2      | Noticed Ijyb
  1141 | D:2      | Killed Ijyb
  1141 | D:2      | Reached skill level 3 in Ice Magic
  1141 | D:2      | Reached XP level 3. HP: 7/28 MP: 0/8
  1650 | D:2      | Reached XP level 4. HP: 23/36 MP: 2/10
  1668 | D:2      | Learned a level 4 spell: Summon Ice Beast
  2779 | D:4      | Reached XP level 5. HP: 19/41 MP: 12/12
  2807 | D:4      | Reached skill level 1 in Summonings
  2808 | D:4      | Slain by a gnoll

Action                   |  1- 3 |  4- 6 || total
-------------------------+-------+-------++-------
Melee: Dagger            |    43 |       ||    43
       Unarmed           |     2 |       ||     2
       War axe           |     1 |    60 ||    61
 Cast: Freeze            |    43 |    42 ||    85
Evoke: Wand              |       |    11 ||    11
  Use: Potion            |     4 |       ||     4
       Scroll            |     1 |       ||     1
 Stab: Invisible         |     2 |       ||     2
       Sleeping          |     2 |     4 ||     6
  Eat: Chunk             |     1 |     5 ||     6
